 Dungeon Crawl Stone Soup version 0.27-a0-76-ga51d4ba9de (webtiles) character file.

Game seed: 8333942666596959054

3 Glundar the Caller (level 1, 0/10 HPs)
             Began as a Kobold Summoner on Jan 13, 2021.
             Slain by a jackal (2 damage)
             ... on level 1 of the Dungeon.
             The game lasted 00:03:11 (272 turns).

Glundar the Caller (Kobold Summoner)                 Turns: 272, Time: 00:03:12

Health: 0/10       AC:  2    Str:  5    XL:     1   Next: 55%
Magic:  1/3        EV: 15    Int: 16    God:
Gold:   0          SH:  0    Dex: 15    Spells: 3/4 levels left

rFire    . . .     SeeInvis .   b - +0 dagger
rCold    . . .     Faith    .   (shield restricted)
rNeg     . . .     Spirit   .   d - +0 robe
rPois    .         Reflect  .   (no helmet)
rElec    .         Harm     .   (no cloak)
rCorr    .         Rampage  .   (no gloves)
Will     .....                  (no boots)
Stlth    +++.......             (no amulet)
HPRegen  0.03/turn              (no ring)
MPRegen  0.08/turn              (no ring)

@: no status effects
A: small, nightstalker 3
a: no special abilities


You were on level 1 of the Dungeon.
You visited 1 branch of the dungeon, and saw 1 of its levels.

Inventory:

Hand Weapons
 a - a +0 hunting sling
 b - a +0 dagger (weapon)
Armour
 d - a +0 robe (worn)
Jewellery
 c - an uncursed amulet of magic regeneration {unknown}
Potions
 e - a potion of ambrosia {unknown}


   Skills:
 + Level 2.6 Dodging
 + Level 2.6 Stealth
 + Level 2.1 Spellcasting
 + Level 4.1 Summonings


You had 3 spell levels left.
You knew the following spells:

 Your Spells              Type           Power        Failure   Level
a - Summon Small Mammal   Summ           56%          3%          1

Your spell library contained the following spells:

 Spells                   Type           Power        Failure   Level
 Call Imp                 Summ           14%          6%          2
 Call Canine Familiar     Summ           14%          12%         3
 Summon Guardian Golem    Hex/Summ       8%           26%         3
 Summon Ice Beast         Ice/Summ       8%           65%         4
 Summon Lightning Spire   Summ/Air       8%           65%         4


Dungeon Overview and Level Annotations

Branches:
Dungeon (1/15)

Altars:


Innate Abilities, Weirdness & Mutations

You are small and have problems with some larger weapons.
You are completely attuned to the shadows.


Message History

The jackal bites you.
You closely miss the jackal.
Your bat barely misses the jackal.
The jackal completely misses you. The jackal closely misses you.
The goblin barely misses you.
You closely miss the jackal.
Your bat closely misses the jackal.
The jackal bites you. The jackal misses you. The leopard gecko misses your bat.
The jackal closely misses you. The goblin closely misses you.
You closely miss the jackal. The jackal bites you.
Your bat misses the jackal.
The leopard gecko barely misses your bat.
The jackal barely misses you. The jackal closely misses you.
The goblin hits you.
* * * LOW HITPOINT WARNING * * *
Casting: Summon Small Mammal (safe; 3% risk of failure)
Confirm with . or Enter, or press ? or * to list all spells.
You don't know that spell.
Casting: Summon Small Mammal (safe; 3% risk of failure)
Confirm with . or Enter, or press ? or * to list all spells.
The leopard gecko bites your bat.
Your bat barely misses the jackal.
The jackal closely misses you. The jackal bites you.
You die...

#.# #.##.#
#.#..# #.#.##
....# ... ..>
....###.
..##....
...††... ...l...
...##### #..
##hhb... ....###
##..###g@....#
.......
..............
...####
##......r#####
...# #......###
...# ####...####
...###..........
##.##...†#.#.###
##.#...###...#
#......# #....


You could see a leopard gecko, 2 jackals, a goblin, a friendly quokka (summoned)
and a friendly bat (summoned).

Vanquished Creatures
  A bat (D:1)
1 creature vanquished.

Vanquished Creatures (collateral kills)
  A giant cockroach (D:1)
  A goblin (D:1)
  A hobgoblin (D:1)
  A rat (D:1)
4 creatures vanquished.

Grand Total: 5 creatures vanquished

Notes
Turn   | Place    | Note
-------+----------+-------------------------------------------
     0 | D:1      | Glundar the Kobold Summoner began the quest for the Orb.
     0 | D:1      | Reached XP level 1. HP: 10/10 MP: 3/3
   272 | D:1      | Slain by a jackal

Illustrated notes

Levels and vault maps discovered:
D:1:      heliophobic_arrival_enchanted_forest, layout_rooms, minmay_unequal

Action                   || total
-------------------------++-------
Melee: Dagger            ||     8
       Unarmed           ||     5
 Cast: Summon Small Mamm ||     9
Dodge: Dodged            ||    20

Table legend: (Time is in decaauts)
 A = Elapsed time spent in this place.
 B = Non-inter-level travel time spent in this place.
 C = Inter-level travel time spent in this place.
 D = Time resting spent in this place.
 E = Time spent auto-exploring this place.
 F = Levels seen in this place.
 G = Mean time per level.
                   A        B        C        D        E       F      G
               +--------+--------+--------+--------+--------+-----+--------+
         Total |    270 |    270 |      0 |    134 |     40 |   1 |  270.0 |
       Dungeon |    270 |    270 |      0 |    134 |     40 |   1 |  270.0 |
               +--------+--------+--------+--------+--------+-----+--------+

Top non-repeatable levels by time:
     D:1: 270 daAuts
